 Dungeon Crawl Stone Soup version 0.24-a0-397-g73b976d855 (webtiles) character file.

Game seed: 18162309557385329394

42 Lanoc the Slasher (level 3, 0/51 HPs)
             Began as a Naga Berserker on June 4, 2019.
             Was a Believer of Trog.
             Slain by a kobold (3 damage)
             ... on level 2 of the Dungeon.
             The game lasted 00:01:51 (962 turns).

Lanoc the Slasher (Naga Berserker)                   Turns: 962, Time: 00:01:51

Health: 0/51       AC:  2    Str: 24    XL:     3   Next: 56%
Magic:  3/3        EV: 10    Int:  7    God:    Trog [**....]
Gold:   67         SH:  0    Dex: 11    Spells: 2/2 levels left

rFire    . . .     SeeInvis +   a - +0 falchion
rCold    . . .     Gourm    .   (no shield)
rNeg     . . .     Faith    .   b - +0 animal skin
rPois    +         Spirit   .   (no helmet)
rElec    .         Reflect  .   (no cloak)
rCorr    .         Harm     .   (no gloves)
MR       .....                  (no barding)
Stlth    ..........             (no amulet)
HPRegen  0.17/turn              e - ring of stealth
MPRegen  0.08/turn              (no ring)

@: berserking, lethally poisoned (0 -> -7), starving, quick
A: large, see invisible, deformed body, poison resistance, slowness 2, slow
metabolism 1, spit poison 1, AC +1
a: Spit Poison, Berserk, Trog's Hand, Renounce Religion


You were on level 2 of the Dungeon.
You worshipped Trog.
Trog was pleased with you.
You were starving.

You visited 1 branch of the dungeon, and saw 2 of its levels.

You collected 67 gold pieces.

Inventory:

Hand Weapons
 a - a +0 falchion (weapon)
Armour
 b - a +0 animal skin (worn)
Jewellery
 e - a ring of stealth (left hand)
Scrolls
 f - a scroll of enchant weapon {unknown}
 g - a scroll of teleportation {unknown}
 h - a scroll of amnesia {unknown}
Comestibles
 c - 2 rations


   Skills:
 + Level 3.3 Fighting
 * Level 3.8 Long Blades
 - Level 1.5 Armour
 + Level 2.0 Dodging


You had 2 spell levels left.
You didn't know any spells.
Your spell library was empty.

Dungeon Overview and Level Annotations

Branches:
Dungeon (2/15)

Altars:

Annotations:
D:2 Robin


Innate Abilities, Weirdness & Mutations

You cannot wear boots.
Your serpentine skin is tough. (AC +1)
You have supernaturally acute eyesight. (SInv)
Armour fits poorly on your strangely shaped body.
Your system is resistant to poisons. (rPois)
You cover ground very slowly.
You have a slow metabolism.
You can spit poison.


Message History

The kobold hits you.
You barely miss Robin. The goblin hits you with a +0 club.
The goblin hits you with a +0 dagger!
* * * LOW HITPOINT WARNING * * *
The kobold completely misses you.
Robin hits you with a +4 falchion of venom!
* * * LOW HITPOINT WARNING * * *
You barely miss Robin. The goblin hits you but does no damage.
The goblin barely misses you. The kobold hits you but does no damage.
You slash Robin!
Robin is severely wounded.
Robin hits you with a +4 falchion of venom.
* * * LOW HITPOINT WARNING * * *
You are lethally poisoned!
The goblin barely misses you. The goblin hits you but does no damage.
You barely miss Robin.
Robin is severely wounded.
* * * LOW HITPOINT WARNING * * *
You feel sick. The kobold hits you.
You die...

.# #.#.#.[#.# .# .#
#.#.#.g#.###.# .#
##.#.#........# .#
#.....#.##....### .#
#..#...(........
.######..##.#)#.....#
..............#.....#.##
....รท.........$)g.?.....
##........#....g@K##..
##.##.....#.###..g.#
...##.....#........#
.#.##.....##.##....#
.#.##..?..##.##......
.#####.#..# .##....###
.....# .##.#### (..#...
#.# .# ##.


You could see Robin, 2 goblins and a kobold.

Vanquished Creatures
  An adder (D:2)
  4 dart slugs
  A leopard gecko (D:2)
  2 bats
  A hobgoblin (D:1)
  A frilled lizard (D:1)
  10 goblins
  2 kobolds (D:2)
  2 rats
24 creatures vanquished.

Notes
Turn   | Place    | Note
-------+----------+-------------------------------------------
     0 | D:1      | Lanoc the Naga Berserker began the quest for the Orb.
     0 | D:1      | Reached XP level 1. HP: 21/21 MP: 1/1
    53 | D:1      | Reached XP level 2. HP: 22/28 MP: 2/2
   421 | D:2      | Reached XP level 3. HP: 16/34 MP: 3/3
   661 | D:2      | Identified the +3 helmet of the Old World {Int+4}
   661 | D:2      | Noticed Robin
   896 | D:1      | Reached ** piety under Trog
   962 | D:2      | Slain by a kobold

Levels and vault maps discovered:
D:1:      lightli_arrival_noodles, layout_loops_ring, minmay_stone_trees_medium
D:2:      layout_basic, uniq_jessica, uniq_robin

Skill      XL: |  1  2  3 |
---------------+----------+-----
Dodging        | 2 |  2.0
Fighting       | |  3.3
Long Blades    | |  3.8
Armour         | |  1.5

Action                   || total
-------------------------++-------
Melee: Falchion          ||    71
Invok: Berserk           ||     3
 Abil: Spit Poison       ||     2
 Stab: Sleeping          ||     1
Armor: Animal skin       ||    19
Dodge: Dodged            ||    65
       Rpst.: Falchion   ||    18

Table legend:
 A = Non-vault XP
 B = Vault XP
 C = Vault XP percentage of total XP
 D = Non-vault monster count
 E = Vault monster count
 F = Vault count percentage of total count
                 A         B        C        D         E       F
            +---------+---------+-------+---------+---------+-------
      Total |      44 |      17 |  27.9 |      15 |       9 |  37.5
            +---------+---------+-------+---------+---------+-------
        D:1 |      17 |      12 |  41.4 |       7 |       6 |  46.2
        D:2 |      27 |       5 |  15.6 |       8 |       3 |  27.3
            +---------+---------+-------+---------+---------+-------
